 Dungeon Crawl Stone Soup version 0.32-a0-886-g41c5271027 (webtiles) character file.

Game seed: 2311508538565968310

294 pokeman the Magician (level 6, -2/34 HPs)
             Began as a Deep Elf Hedge Wizard on Apr 2, 2024.
             Slain by an orc wizard
             ... wielding a +0 dagger
              (3 damage)
             ... on level 4 of the Dungeon.
             The game lasted 00:04:56 (3290 turns).

pokeman the Magician (Deep Elf Hedge Wizard)        Turns: 3290, Time: 00:04:56

Health: -2/34      AC:  3    Str:  7    XL:     6   Next: 11%
Magic:  14/17      EV: 12    Int: 21    God:
Gold:   152        SH:  0    Dex: 20    Spells: 10/18 levels left

rFire   . . .        s - +2 dagger (venom)
rCold   . . .        (no shield)
rNeg    . . .        b - +0 robe
rPois   .            c - +0 hat
rElec   .            (no cloak)
rCorr   +            t - +0 pair of gloves
SInv    .            (no boots)
Will    .....        (no amulet)
Stlth   ++           u - ring of Ceafita {rCorr Dex+6 Stlth+}
HPRegen 0.25/turn    (no ring)
MPRegen 0.15/turn

%: no passive effects
@: confused
A: no striking features
a: no special abilities


You were on level 4 of the Dungeon.
You visited 1 branch of the dungeon, and saw 4 of its levels.

You collected 152 gold pieces.

Inventory:

Hand Weapons
 s - a +2 dagger of venom (weapon)
Armour
 b - a +0 robe (worn)
 c - a +0 hat (worn)
 t - a +0 pair of gloves (worn)
Jewellery
 u - the ring of Ceafita (left hand) {rCorr Dex+6 Stlth+}
   (You found it on level 3 of the Dungeon)

   [ring of dexterity]

   Dex+6:     It affects your dexterity (+6).
   rCorr:     It protects you from acid and corrosion.
   Stlth+:    It makes you more stealthy.
Scrolls
 f - a scroll of amnesia {unknown}
 g - 2 scrolls of fear {unknown}
 i - a scroll of noise {unknown}
 l - a scroll of acquirement {unknown}
 m - a scroll of fog {unknown}
 n - 2 scrolls of identify {unknown}
 o - a scroll of brand weapon {unknown}
 q - 2 scrolls of teleportation {unknown}
Potions
 a - a potion of might {unknown}
 d - a potion of magic
 e - a potion of haste {unknown}
 h - 2 potions of lignification {unknown}
 j - a potion of ambrosia {unknown}
 k - 3 potions of mutation {unknown}
 p - 3 potions of curing {unknown}
 r - a potion of enlightenment {unknown}


   Skills:
 + Level 1.4 Fighting
 - Level 1.0 Armour
 - Level 3.0 Dodging
 - Level 3.0 Stealth
 * Level 6.8 Spellcasting
 + Level 3.1 Conjurations
 - Level 1.1 Summonings
 - Level 1.1 Translocations
 - Level 1.0 Air Magic
 - Level 1.0 Alchemy


You had 10 spell levels left.
You knew the following spells:

 Your Spells              Type           Power      Damage    Failure   Level
a - Magic Dart            Conj           80%        1d7       2%          1
b - Mephitic Cloud        Conj/Alch/Air  14%        N/A       13%         3
c - Call Imp              Summ           22%        N/A       9%          2
d - Blink                 Tloc           22%        N/A       9%          2

Your spell library contained the following spells:

 Spells                   Type           Power      Damage    Failure   Level
 Searing Ray              Conj           40%        2d5       3%          2
 Slow                     Hex            28%        N/A       9%          1
 Cigotuvi's Dreadful Rot  Necr/Alch/Air  20%        N/A       11%         2
 Fulminant Prism          Conj/Alch      7%         3d7       36%         4


Dungeon Overview and Level Annotations

Branches:
Dungeon (4/15)
 Temple: D:4-7

Altars:
Xom

Shops:
D:1 [[***


Message History

The orc wizard gestures at you while chanting.
You are confused.
You're too confused to cast spells.
Sorry, you're not good enough to have a special ability.
Unknown command.
You closely miss the orc wizard.
The orc wizard is almost dead.
The orc wizard hits you but does no damage.
The orc wizard casts a spell at you. The puff of flame hits you!
The orc wizard casts a spell.
The orc wizard flickers and vanishes!
Deactivating autopickup; reactivate with Ctrl-A.
You closely miss something.
You feel less confused. Something hits you.
The orc hits you but does no damage.
You hit the orc.
The orc is severely wounded.
The orc hits you with a +0 hand axe!
You hear some strange, mumbled words.
You are confused.
You barely miss the orc.
The orc is severely wounded.
The orc misses you. Something hits you.
You hit the orc.
You kill the orc!
Something hits you.
You hit something but do no damage.
You hear some strange, mumbled words.
A puff of flame appears from out of thin air!
The puff of flame hits you!
* * * LOW HITPOINT WARNING * * *
You're too confused to cast spells.
Okay, then.
Unknown command.
Unknown command.
You bump into the rock wall.
Something hits you.
* * * LOW HITPOINT WARNING * * *
Something hits you.
You die...

#...###..#
##........###
#......###
#........#.#
......#.##....#
###..#.#.#.. .....
#..#.....# ##........
.... ##.#.##..##
##.##.... ... #...#
...## #..#...# ##
#...# #...#####.....†
#.#.##..............†
#.#)@..............##
..##................#
#..##................#
##.##.................
#.......)............
..##.................
#................#
................##


There were no monsters in sight!

Vanquished Creatures
  2 hounds
  An orc priest (D:3)
  3 iguanas
  An orc wizard (D:3)
  4 adders
  2 dart slugs (D:1)
  A ribbon worm (D:4)
  4 orcs
  6 endoplasms
  2 giant cockroaches
  7 goblins
  3 hobgoblins
  5 kobolds
  A quokka (D:1)
  7 ball pythons
  5 bats
  4 frilled lizards
  4 rats
62 creatures vanquished.

Vanquished Creatures (collateral kills)
  A ribbon worm (D:3)
1 creature vanquished.

Grand Total: 63 creatures vanquished

Notes
Turn   | Place    | Note
-------+----------+-------------------------------------------
     0 | D:1      | pokeman the Deep Elf Hedge Wizard began the quest for the
                  | Orb.
     0 | D:1      | Reached XP level 1. HP: 10/10 MP: 7/7
   187 | D:1      | Reached XP level 2. HP: 16/16 MP: 2/9
   507 | D:1      | Found Qout's General Store.
   536 | D:1      | Found Kieser's General Store.
   547 | D:1      | Found Ceitze's General Store.
   667 | D:1      | Found Wyiffoph's Antique Armour Emporium.
   745 | D:1      | Found Ludoxe's Armour Shop.
   877 | D:2      | Reached skill level 5 in Spellcasting
   968 | D:2      | Reached XP level 3. HP: 20/20 MP: 8/11
   974 | D:2      | Learned a level 3 spell: Mephitic Cloud
   977 | D:2      | Learned a level 2 spell: Call Imp
   980 | D:2      | Learned a level 2 spell: Blink
  1468 | D:2      | Reached skill level 1 in Armour
  1561 | D:2      | Reached skill level 1 in Fighting
  2021 | D:3      | Reached XP level 4. HP: 17/25 MP: 4/13
  2261 | D:3      | Reached skill level 6 in Spellcasting
  2261 | D:3      | Reached XP level 5. HP: 29/29 MP: 7/15
  2461 | D:3      | Found a shimmering altar of Xom.
  2738 | D:3      | Identified the ring of Ceafita {rCorr Dex+6 Stlth+}
  2913 | D:3      | Reached skill level 1 in Alchemy
  3150 | D:4      | Reached skill level 1 in Air Magic
  3157 | D:4      | Reached XP level 6. HP: 16/34 MP: 8/17
  3289 | D:4      | HP: 1/34 [something (2)]
  3290 | D:4      | Slain by an orc wizard

Illustrated notes

Levels and vault maps discovered:
D:1:      shiori_arrival_maze, layout_rooms, serial_shops,
          nicolae_shop_back_alley_shop, nicolae_shop_window_shopping, shop,
          nicolae_shop_pleasant_corner_grove, shop, minmay_tiny_reverse_x
D:2:      layout_basic
D:3:      layout_basic, mainiacjoe_overflow_surrounded_room
D:4:      layout_rooms, minmay_overflow_temple_star_quad, grunt_ministairs_14,
          uniq_crazy_yiuf_cottage

Skill      XL: |  1  2  3  4  5 |
---------------+----------------+-----
Spellcasting   | 5 6 |  6.8
Armour         | 1 |  1.0
Conjurations   | 2 3 |  3.1
Fighting       | 1 |  1.4
Dodging        | 3 |  3.0
Stealth        | 3 |  3.0
Alchemy        | 1 |  1.0
Air Magic      | 1 |  1.0
Summonings     | |  1.1
Translocations | |  1.1

Action                     |  1- 3 |  4- 6 || total
---------------------------+-------+-------++-------
  Melee: Dagger            |    10 |    26 ||    36
   Cast: Magic Dart        |    92 |    48 ||   140
         Mephitic Cloud    |     1 |     4 ||     5
         Call Imp          |     1 |       ||     1
   Stab: Confused          |     1 |     5 ||     6
         Sleeping          |     1 |       ||     1
 Armour: Robe              |    15 |    24 ||    39
  Dodge: Dodged            |    10 |    25 ||    35

Table legend: (Time is in decaauts)
 A = Elapsed time spent in this place.
 B = Non-inter-level travel time spent in this place.
 C = Inter-level travel time spent in this place.
 D = Time resting spent in this place.
 E = Time spent auto-exploring this place.
 F = Levels seen in this place.
 G = Mean time per level.
                   A        B        C        D        E       F      G
               +--------+--------+--------+--------+--------+-----+--------+
         Total |   3288 |   3156 |    132 |      0 |   2763 |   4 |  822.0 |
       Dungeon |   3288 |   3156 |    132 |      0 |   2763 |   4 |  822.0 |
               +--------+--------+--------+--------+--------+-----+--------+

Top non-repeatable levels by time:
     D:3: 1355 daAuts
     D:1: 875 daAuts
     D:2: 848 daAuts
     D:4: 208 daAuts
